 Dungeon Crawl Stone Soup version 0.21-a0-525-ga34b322 (webtiles) character file.

15 KristoblXynda the Slasher (level 2, 0/24 HPs)
             Began as a Draconian Gladiator on Dec 7, 2017.
             Slain by a goblin
             ... wielding a +0 dagger of distortion
              (24 damage)
             ... on level 1 of the Dungeon.
             The game lasted 00:00:38 (473 turns).

KristoblXynda the Slasher (Draconian Gladiator)      Turns: 473, Time: 00:00:40

Health: 0/24       AC:  4    Str: 16    XL:     2   Next: 34%
Magic:  2/2        EV: 13    Int:  8    God:
Gold:   44         SH:  0    Dex: 12    Spells: 1/1 levels left

rFire    . . .     SeeInvis .   a - +0 long sword
rCold    . . .     Gourm    .   (no shield)
rNeg     . . .     Faith    .   (armour unavailable)
rPois    .         Spirit   .   b - +0 hat
rElec    .         Reflect  .   (no cloak)
rCorr    .         Harm     .   (no gloves)
MR       .....                  (no boots)
Stlth    +.........             (no amulet)
HPRegen  0.08/turn              (no ring)
MPRegen  0.08/turn              (no ring)

@: no status effects
A: unfitting armour, cold-blooded, AC +4
a: no special abilities


You were on level 1 of the Dungeon.
You were not hungry.

You visited 1 branch of the dungeon, and saw 1 of its levels.

You collected 44 gold pieces.

Inventory:

Hand Weapons
 a - a +0 long sword (weapon)
Missiles
 c - 3 throwing nets (quivered)
Armour
 b - a +0 hat (worn)
Jewellery
 h - an uncursed ring of flight {unknown}
Scrolls
 e - 4 scrolls of teleportation {unknown}
 f - a scroll of immolation {unknown}
 g - a scroll of identify {unknown}
 i - 2 scrolls of remove curse {unknown}
 j - a scroll of enchant weapon {unknown}
Comestibles
 d - a bread ration


   Skills:
 - Level 2.1 Fighting
 + Level 3.2 Long Blades
 + Level 2.1 Throwing
 + Level 3.0 Dodging


You had one spell level left.
You didn't know any spells.

Dungeon Overview and Level Annotations

Branches:
Dungeon (1/15)

Altars:
Nemelex Xobeh


Innate Abilities, Weirdness & Mutations

Your plain brown scales are hard. (AC +4)
You cannot fit into any form of body armour.
You are cold-blooded and may be slowed by cold attacks.


Message History

You now have 44 gold pieces (gained 14).
HP restored.
Key pressed, stopping explore.
You open the door.
A goblin comes into view. It is wielding a dagger of distortion.
The goblin shouts!
There is an open door here.
The goblin barely misses you.
You riposte.
You closely miss the goblin.
Found an escape hatch in the floor.
You hit the goblin.
Your tail-slap misses the goblin.
The goblin is moderately wounded.
The goblin barely misses you.
An ooze comes into view.
You barely miss the goblin.
The ooze quivers.
Your tail-slap misses the goblin.
The goblin is moderately wounded.
The goblin hits you but does no damage. Space warps horribly around you!
Ouch! That really hurt!
You die...

#......# #......#
#####......#
......†>...#
#####..†...# #......#
###...####
#####........########J..
....+......(.'..@g.....>
#####........###########
.....................
###....############## #
#....# # #....# #....#
###..# #..#


You could see an ooze and a goblin.

Vanquished Creatures
  A dart slug (D:1)
  2 leopard geckos (D:1)
  3 bats (D:1)
  2 goblins (D:1)
  A kobold (D:1)
  A frilled lizard (D:1)
  A rat (D:1)
11 creatures vanquished.

Notes
Turn   | Place    | Note
-------+----------+-------------------------------------------
     0 | D:1      | KristoblXynda the Draconian Gladiator began the quest for the Orb.
     0 | D:1      | Reached XP level 1. HP: 17/17 MP: 1/1
   156 | D:1      | Reached XP level 2. HP: 12/24 MP: 2/2
   247 | D:1      | Found a sparkling altar of Nemelex Xobeh.
   473 | D:1      | Slain by a goblin

Vault maps used:
D:1:      sevenhm_arrival_forest_fort_large_1, nemelex_xobeh_ov_fountains_minmay

Skill      XL: |  1  2 |
---------------+-------+-----
Throwing       | 2 |  2.1
Dodging        | 3 |  3.0
Fighting       | |  2.1
Long Blades    | |  3.2

Action                   || total
-------------------------++-------
Melee: Long sword        ||    27
       Tailslap          ||     1
Armor: Skin              ||    12
Dodge: Dodged            ||    48
       Rpst.: Long sword ||    14

Table legend:
 A = Spawn XP
 B = Non-spawn XP
 C = Spawn XP percentage of total XP
 D = Spawn monster count
 E = Non-spawn monster count
 F = Spawn count percentage of total count
 G = Total turns spent on level
                    A         B        C        D         E        F      G
               +---------+---------+-------+---------+---------+-------+---------
         Total |       0 |      22 |   0.0 |       0 |      11 |   0.0 |   473
               +---------+---------+-------+---------+---------+-------+---------
           D:1 |       0 |      22 |   0.0 |       0 |      11 |   0.0 |   473
               +---------+---------+-------+---------+---------+-------+---------
